 Dungeon Crawl Stone Soup version 0.31-a0-145-g046c7d2549 (webtiles) character file.

Game seed: 10973493132769005489

335 jlumianski the Grave Robber (level 6, -2/42 HPs)
             Began as a Vampire Necromancer on June 5, 2023.
             Slain by a wyvern (14 damage)
             ... on level 7 of the Dungeon.
             The game lasted 00:42:02 (4828 turns).

jlumianski the Grave Robber (Vampire Necromancer)   Turns: 4828, Time: 00:42:03

Health: -2/42      AC:  6    Str:  7    XL:     6   Next: 28%
Magic:  7/11       EV: 13    Int: 19    God:
Gold:   177        SH:  0    Dex: 15    Spells: 8/12 levels left

rFire   . . .        o - +0 falchion
rCold   . . .        (no shield)
rNeg    . . .        a - +1 robe
rPois   .            (no helmet)
rElec   .            (no cloak)
rCorr   +            (no gloves)
SInv    +            w - +2 pair of boots
Will    .....        (no amulet)
Stlth   +++          g - ring of resist corrosion
HPRegen 0.47/turn    (no ring)
MPRegen 0.12/turn

%: no passive effects
@: healing quickly
A: alive, fangs 3, see invisible, vampiric 2
a: Exsanguinate


You were on level 7 of the Dungeon.
You visited 1 branch of the dungeon, and saw 8 of its levels.

You collected 177 gold pieces.

Inventory:

Hand Weapons
 i - a +0 dagger
 k - a +0 dagger
 o - a +0 falchion (weapon)
 t - a +0 whip of flaming
 D - a +0 longbow
Missiles
 e - 57 stones
 m - a large rock
 n - 8 boomerangs
 q - 6 poisoned darts
 E - a throwing net
Armour
 a - a +1 robe (worn)
 w - a +2 pair of boots (worn)
Jewellery
 g - a ring of resist corrosion (left hand)
Wands
 C - a wand of iceblast (8)
Scrolls
 d - 2 scrolls of identify {unknown}
 f - a scroll of fog {unknown}
 p - a scroll of blinking {unknown}
 r - a scroll of summoning {unknown}
 v - 2 scrolls of immolation {unknown}
 x - a scroll of magic mapping {unknown}
 y - 2 scrolls of teleportation {unknown}
 A - a scroll of enchant weapon {unknown}
 B - a scroll of fear {unknown}
Potions
 b - a potion of magic
 c - a potion of curing
 h - a potion of degeneration {unknown}
 j - 2 potions of enlightenment
 l - a potion of attraction {unknown}
 s - a potion of ambrosia {unknown}
 u - 2 potions of cancellation {unknown}
 z - a potion of might {unknown}


   Skills:
 + Level 0.3 Fighting
 + Level 2.7 Dodging
 * Level 5.4 Stealth
 - Level 0.2 Unarmed Combat
 + Level 3.5 Spellcasting
 + Level 6.4 Necromancy


You had 8 spell levels left.
You knew the following spells:

 Your Spells              Type           Power      Damage    Failure   Level
a - Necrotise             Necr           100%       1d9       1%          1
b - Vampiric Draining     Necr           27%        2d7       3%          3

Your spell library contained the following spells:

 Spells                   Type           Power      Damage    Failure   Level
 Animate Dead             Necr           27%        N/A       11%         4
 Beastly Appendage        Tmut           6%         N/A       14%         1
 Wereblood                Tmut           3%         N/A       22%         2
 Agony                    Necr           27%        N/A       28%         5
 Spider Form              Tmut/Pois      3%         N/A       41%         3


Dungeon Overview and Level Annotations

Branches:
Dungeon (8/15)
 Temple: D:4-7         Lair: D:8-11

Altars:

Annotations:
D:4 Natasha
D:6 Grinder


Innate Abilities, Weirdness & Mutations

Your natural rate of healing is accelerated.
You have razor-sharp teeth.
You have supernaturally acute eyesight. (SInv)
You are afflicted with vampirism and can become a bat while bloodless.


Message History

The iguana hisses angrily.
The wyvern hisses angrily.
The portcullis has been lowered almost to the ground.
The walls and floor vibrate strangely for a moment.
The wyvern attacks as you move away! The wyvern barely misses you.
The wyvern bites you but does no damage.
The wyvern attacks as you move away! The wyvern closely misses you.
The wyvern bites you! The wyvern attacks as you move away!
The wyvern misses you. The wyvern bites you.
Casting: Necrotise (safe; 1% risk of failure)
Confirm with . or Enter, or press ? or * to list all spells.
Aiming: Necrotise (safe; 1% risk of failure)
Press: ? - help, Shift-Dir - straight line, f - wyvern
Aim: a wyvern (chance to affect: 83%)
The wyvern writhes in agony!
The wyvern barely misses you. The wyvern bites you!
Casting: Necrotise (safe; 1% risk of failure)
Confirm with . or Enter, or press ? or * to list all spells.
Aiming: Necrotise (safe; 1% risk of failure)
Press: ? - help, Shift-Dir - straight line, f/p - wyvern
Aim: a wyvern (moderately wounded, chance to affect: 83%)
The wyvern writhes in agony.
The iguana hisses menacingly.
The wyvern misses you.
Casting: Necrotise (safe; 1% risk of failure)
Confirm with . or Enter, or press ? or * to list all spells.
Aiming: Necrotise (safe; 1% risk of failure)
Press: ? - help, Shift-Dir - straight line, f/p - wyvern
Aim: a wyvern (moderately wounded, chance to affect: 83%)
The wyvern barely resists.
The wyvern completely misses you. The wyvern closely misses you.
Casting: Necrotise (safe; 1% risk of failure)
Confirm with . or Enter, or press ? or * to list all spells.
Aiming: Necrotise (safe; 1% risk of failure)
Press: ? - help, Shift-Dir - straight line, f/p - wyvern
Aim: a wyvern (moderately wounded, chance to affect: 83%)
The wyvern writhes in agony.
The wyvern bites you!
* * * LOW HITPOINT WARNING * * *
You feel better. The wyvern bites you!
You die...

....#
######.################
....# #.............
##### #.####.......# #.#
#.......' #.# #.......#
#.# #.# #.......# #.#
#.# #.......# #.# #.#
#.......# #.# #.#
#@......# ## #.# #.#
#ll.....# .##
#.###'####.......# ..#
#.#..............#
#.#####.#..............#
#................#######
#######..##............#
#..##............#
#................#


You could see a wyvern and an iguana.

Vanquished Creatures
  A scorpion (D:7)
  A jelly (D:7)
  An iguana (D:7)
  An orc wizard (D:7)
  Terence (D:2)
  5 gnolls
  2 adders (D:3)
  A white imp (D:7)
  A worm (D:3)
  3 dart slugs
  7 orcs
  8 bats
  4 endoplasms
  6 goblins
  4 hobgoblins
  4 jackals
  2 kobolds
  2 quokkas
  5 ball pythons
  3 frilled lizards
  13 rats
75 creatures vanquished.

Vanquished Creatures (collateral kills)
  A gnoll (D:7)
  A ball python (D:1)
  A frilled lizard (D:1)
  2 goblins (D:2)
  A rat (D:1)
6 creatures vanquished.

Grand Total: 81 creatures vanquished

Notes
Turn   | Place    | Note
-------+----------+-------------------------------------------
     0 | D:1      | jlumianski the Vampire Necromancer began the quest for the
                  | Orb.
     0 | D:1      | Reached XP level 1. HP: 13/13 MP: 3/3
   275 | D:1      | Reached XP level 2. HP: 19/19 MP: 3/5
   831 | D:1      | Reached skill level 5 in Necromancy
   992 | D:1      | Gained mutation: You are afflicted with vampirism and can
                  | become a bat while bloodless. [Vampire growth]
   992 | D:1      | Reached XP level 3. HP: 24/24 MP: 3/6
  1485 | D:1      | Learned a level 3 spell: Vampiric Draining
  1705 | D:2      | Noticed Terence
  2598 | D:2      | Reached XP level 4. HP: 26/30 MP: 7/7
  3755 | D:2      | Killed Terence
  3756 | D:2      | Reached XP level 5. HP: 27/35 MP: 2/9
  4019 | D:4      | Noticed Natasha
  4039 | D:5      | Entered Level 5 of the Dungeon
  4115 | D:4      | Noticed a lemure
  4117 | D:4      | Noticed a lemure
  4117 | D:4      | Noticed a lemure
  4191 | D:4      | You fall into a shaft and drop 3 floors!
  4198 | D:7      | Noticed an orc warrior
  4429 | D:6      | Noticed Grinder
  4496 | D:7      | Found a flagged portal.
  4503 | D:7      | Reached skill level 6 in Necromancy
  4547 | D:7      | Reached skill level 5 in Stealth
  4547 | D:7      | Reached XP level 6. HP: 30/42 MP: 5/11
  4803 | D:7      | Noticed a wyvern
  4828 | D:7      | Slain by a wyvern

Illustrated notes

Levels and vault maps discovered:
D:1:      minmay_arrival_jagged, layout_basic, minmay_ruptured
D:2:      layout_basic, guppyfry_early_orc_mine, uniq_crazy_yiuf_cottage,
          uniq_terence
D:3:      layout_basic
D:4:      layout_loops_ring, mainiacjoe_overflow_small_starburst,
          biasface_ghost_orc_armoury, uniq_sigmund, uniq_natasha, uniq_pikel
D:5:      layout_loops_ring, chequers_temple_overflow_statue_of_worship,
          minivault_24
D:6:      layout_rooms, grunt_temple_overflow_diamond,
          minmay_temple_entry_statues_pillars, serial_shops,
          nicolae_shop_advertising_works [nicolae_subvault_shop_adworks],
          minmay_misc_feat_five, uniq_grinder
D:7:      layout_basic, enter_bailey_2, reono_crystal_passage
D:8:      lemuel_bear_cage, layout_rooms, vehumet_altar_wand_db,
          ashenzari_altar_1, dpeg_lair_monsters, kennysheep_generic_room_9

Skill      XL: |  1  2  3  4  5 |
---------------+----------------+-----
Necromancy     | 5 6 |  6.4
Stealth        | 4 5 |  5.4
Spellcasting   | 3 |  3.5
Fighting       | |  0.3
Dodging        | |  2.7
Unarmed Combat | |  0.2

Action                     |  1- 3 |  4- 6 || total
---------------------------+-------+-------++-------
  Melee: Unarmed           |    22 |       ||    22
         Dagger            |    16 |       ||    16
         Bite              |     5 |     3 ||     8
         Falchion          |     3 |    24 ||    27
         Punch             |       |     1 ||     1
   Cast: Necrotise         |    65 |    75 ||   140
    Use: Scroll            |     1 |     2 ||     3
         Potion            |       |     3 ||     3
   Stab: Sleeping          |     7 |     3 ||    10
 Armour: Robe              |    15 |    18 ||    33
  Dodge: Dodged            |    61 |    49 ||   110

Table legend: (Time is in decaauts)
 A = Elapsed time spent in this place.
 B = Non-inter-level travel time spent in this place.
 C = Inter-level travel time spent in this place.
 D = Time resting spent in this place.
 E = Time spent auto-exploring this place.
 F = Levels seen in this place.
 G = Mean time per level.
                   A        B        C        D        E       F      G
               +--------+--------+--------+--------+--------+-----+--------+
         Total |   4853 |   4814 |     39 |    463 |   1651 |   8 |  606.6 |
       Dungeon |   4853 |   4814 |     39 |    463 |   1651 |   8 |  606.6 |
               +--------+--------+--------+--------+--------+-----+--------+

Top non-repeatable levels by time:
     D:1: 1599 daAuts
     D:2: 1547 daAuts
     D:3: 856 daAuts
     D:7: 617 daAuts
     D:4: 203 daAuts
     D:8: 17 daAuts
     D:6: 8 daAuts
     D:5: 1 daAuts
